A+ CENTRAL
CEDAR RAPIDS KERNELS @ QUAD CITIES RIVER BANDITS
07/09/2041
 
TOP OF THE 1ST
Cedar Rapids Kernels batting - Pitching for Quad Cities River Bandits : RHP Luis Aranda
Pitching: RHP Luis Aranda
Batting: RHB Jeremy Hoffman 0-0: Called Strike
0-1: Ball
1-1: Ball
2-1: Ball
3-1: Swinging Strike
3-2: Strikes out swinging
Batting: RHB Luis Antonio Cardenas 0-0: Ball
1-0: Swinging Strike
1-1: Foul Ball, location: 2RF
1-2: Foul Ball, location: 2F
1-2: Strikes out looking
Batting: LHB Pete Baker 0-0: Called Strike
0-1: Ball
1-1: Swinging Strike
1-2: DOUBLE (Flyball, 8RXD, EV 93.8 MPH)
Batting: RHB Jorge Rivas 0-0: Ball
1-0: Ball
2-0: Called Strike
2-1: Foul Ball, location: 25F
2-2: Ball
3-2: Foul Ball, location: 2F
3-2: Strikes out swinging
Top of the 1st over - 0 runs, 1 hit, 0 errors, 1 left on base; Cedar Rapids 0 - Quad Cities 0
BOTTOM OF THE 1ST
Quad Cities River Bandits batting - Pitching for Cedar Rapids Kernels : LHP Ezra Britton
Pitching: LHP Ezra Britton
Batting: SHB Joe Pritchard 0-0: Ball
1-0: Ball
2-0: Ball
3-0: Base on Balls
Batting: RHB Cisco Gómez 0-0: Ball
1-0: Ball
2-0: Called Strike
Joe Pritchard steals 2nd, throwing error, E2
Joe Pritchard to third
2-1: Ball
3-1: Base on Balls
Batting: RHB Joe Gregory 0-0: Foul Ball, location: 3FF
0-1: Ball
1-1: Called Strike
1-2: Foul Ball, location: 2F
1-2: Grounds into double play, 3-6-3 (Groundball, 34S, EV 76.9 MPH)
Joe Pritchard scores
Batting: LHB Joe Barber 0-0: Called Strike
0-1: Ground out 6-3 (Groundball, 6M, EV 85.0 MPH)
Bottom of the 1st over - 1 run, 0 hits, 1 error, 0 left on base; Cedar Rapids 0 - Quad Cities 1
TOP OF THE 2ND
Cedar Rapids Kernels batting - Pitching for Quad Cities River Bandits : RHP Luis Aranda
Batting: LHB Bernardo Contreras 0-0: Ball
1-0: Ball
2-0: Ball
3-0: Base on Balls
Batting: RHB António León 0-0: Bunted foul
0-1: Bunt missed!
0-2: Ball
1-2: Strikes out swinging
Batting: SHB Darrel Taylor 0-0: Called Strike
0-1: Ball
1-1: Ball
2-1: Ball
3-1: Called Strike
3-2: Strikes out swinging
Batting: LHB Caden Montgomery 0-0: Ball
1-0: Foul Ball, location: 23FF
1-1: Ball
2-1: Swinging Strike
2-2: SINGLE (Groundball, 6MD, EV 105.0 MPH) (infield hit)
Bernardo Contreras to second
Batting: LHB Sam Anderson 0-0: Swinging Strike
0-1: Ball
1-1: Ball
2-1: Fly out, F7 (Line Drive, 7LS, EV 85.6 MPH)
Top of the 2nd over - 0 runs, 1 hit, 0 errors, 2 left on base; Cedar Rapids 0 - Quad Cities 1
BOTTOM OF THE 2ND
Quad Cities River Bandits batting - Pitching for Cedar Rapids Kernels : LHP Ezra Britton
Batting: RHB Kurt Harvey 0-0: Called Strike
0-1: Ball
1-1: Ball
2-1: Swinging Strike
2-2: SINGLE (Groundball, 34D, EV 102.5 MPH)
Batting: RHB Jesús Correa 0-0: Called Strike
0-1: DOUBLE (Groundball, 5L, EV 100.0 MPH)
Kurt Harvey to third
Batting: RHB Raúl Van Eaton 0-0: Swinging Strike
0-1: Fly out, F7 (Flyball, 7, EV 82.5 MPH)
Runner from 3rd tags up, OUT at HOME! 7-2
Jesús Correa to third
Batting: LHB Kevin Gray 0-0: Called Strike
0-1: Called Strike
0-2: Ball
1-2: Ball
2-2: Strikes out looking
Bottom of the 2nd over - 0 runs, 2 hits, 0 errors, 1 left on base; Cedar Rapids 0 - Quad Cities 1
TOP OF THE 3RD
Cedar Rapids Kernels batting - Pitching for Quad Cities River Bandits : RHP Luis Aranda
Batting: RHB Jeremy Hoffman 0-0: Called Strike
0-1: SINGLE (Groundball, 4MS, EV 83.1 MPH)
Batting: RHB Luis Antonio Cardenas 0-0: Ball
1-0: Sac Bunt to 3S - play at first, batter OUT! 3-1
Jeremy Hoffman to second
Batting: LHB Pete Baker 0-0: Foul Ball, location: 2F
0-1: Foul Ball, location: 5FF
0-2: Strikes out swinging
Batting: RHB Jorge Rivas 0-0: Called Strike
0-1: Ball
1-1: Swinging Strike
1-2: Ball
2-2: Ball
3-2: Foul Ball, location: 2F
3-2: Base on Balls
Batting: LHB Bernardo Contreras 0-0: SINGLE (Groundball, 4M, EV 100.6 MPH)
Jeremy Hoffman to third
Jorge Rivas to second
Runner from 3rd tries for Home, SAFE, throw by CF to home
Batting: RHB António León 0-0: Ball
1-0: Called Strike
1-1: Foul Ball, location: 7LSFF
1-2: Ball
2-2: Ball
3-2: Ground out 1-3 (Groundball, 34S, EV 67.5 MPH)
Top of the 3rd over - 1 run, 2 hits, 0 errors, 2 left on base; Cedar Rapids 1 - Quad Cities 1
BOTTOM OF THE 3RD
Quad Cities River Bandits batting - Pitching for Cedar Rapids Kernels : LHP Ezra Britton
Batting: RHB Juan Carlos Ochoa 0-0: Ball
1-0: Ball
2-0: Called Strike
2-1: Foul Ball, location: 2F
2-2: Foul Ball, location: 2F
2-2: Ball
3-2: Foul Ball, location: 3F
3-2: SINGLE (Line Drive, 7S, EV 93.1 MPH)
Batting: SHB Joe Pritchard 0-0: Ball
1-0: Fly out, F3 (Popup, 3S, EV 74.4 MPH)
Batting: RHB Cisco Gómez 0-0: SINGLE (Groundball, 56D, EV 98.1 MPH)
Juan Carlos Ochoa to second
Batting: RHB Joe Gregory 0-0: Ball
1-0: Fly out, F8 (Flyball, 8LD, EV 108.8 MPH)
Batting: LHB Joe Barber 0-0: Ball
1-0: Called Strike
1-1: Ground out 4-3 (Groundball, 4, EV 86.3 MPH)
Bottom of the 3rd over - 0 runs, 2 hits, 0 errors, 2 left on base; Cedar Rapids 1 - Quad Cities 1
TOP OF THE 4TH
Cedar Rapids Kernels batting - Pitching for Quad Cities River Bandits : RHP Luis Aranda
Batting: SHB Darrel Taylor 0-0: Swinging Strike
0-1: Ball
1-1: Ground out 4-3 (Groundball, 4, EV 87.5 MPH)
Batting: LHB Caden Montgomery 0-0: Ball
1-0: Swinging Strike
1-1: SINGLE (Line Drive, 34, EV 102.5 MPH)
Batting: LHB Sam Anderson 0-0: Foul Ball, location: 2RF
0-1: Ball
1-1: Ball
2-1: Fly out, F9 (Flyball, 89M, EV 90.0 MPH)
Batting: RHB Jeremy Hoffman 0-0: Foul Ball, location: 3FF
0-1: Foul Ball, location: 5FF
0-2: Foul Ball, location: 9LMF
0-2: Foul Ball, location: 5F
0-2: Strikes out swinging
Top of the 4th over - 0 runs, 1 hit, 0 errors, 1 left on base; Cedar Rapids 1 - Quad Cities 1
BOTTOM OF THE 4TH
Quad Cities River Bandits batting - Pitching for Cedar Rapids Kernels : LHP Ezra Britton
Batting: RHB Kurt Harvey 0-0: Called Strike
0-1: Ball
1-1: Fly out, F6 (Popup, 6, EV 59.4 MPH)
Batting: RHB Jesús Correa 0-0: Ball
1-0: Foul Ball, location: 9LMF
1-1: Hit by Pitch
Batting: RHB Raúl Van Eaton 0-0: Ball
1-0: Ball
2-0: Called Strike
2-1: Foul Ball, location: 2F
2-2: Ball
3-2: Foul Ball, location: 2F
3-2: Base on Balls
Jesús Correa to second
Batting: LHB Kevin Gray 0-0: Called Strike
0-1: Ball
1-1: Ball
2-1: Fly out, F9 (Flyball, 89M, EV 84.4 MPH)
Batting: RHB Juan Carlos Ochoa 0-0: Fly out, F3 (Popup, 34S, EV 81.3 MPH)
Bottom of the 4th over - 0 runs, 0 hits, 0 errors, 2 left on base; Cedar Rapids 1 - Quad Cities 1
TOP OF THE 5TH
Cedar Rapids Kernels batting - Pitching for Quad Cities River Bandits : RHP Luis Aranda
Pitching: RHP Tony Lazenby
Pinch Hitting: SHB José Guzmán 0-0: Ball
1-0: Ball
2-0: Ground out 6-3 (Groundball, 6, EV 83.1 MPH)
Batting: LHB Pete Baker 0-0: Ball
1-0: Called Strike
1-1: Fly out, F8 (Flyball, 8RXD, EV 108.8 MPH)
Batting: RHB Jorge Rivas 0-0: Called Strike
0-1: Called Strike
0-2: Ball
1-2: Strikes out looking
Top of the 5th over - 0 runs, 0 hits, 0 errors, 0 left on base; Cedar Rapids 1 - Quad Cities 1
BOTTOM OF THE 5TH
Quad Cities River Bandits batting - Pitching for Cedar Rapids Kernels : LHP Ezra Britton
Now in RF: José Guzmán
Batting: SHB Joe Pritchard 0-0: Ball
1-0: Called Strike
1-1: Swinging Strike
1-2: Ball
2-2: Ball
3-2: Base on Balls
Batting: RHB Cisco Gómez 0-0: Ball
Joe Pritchard steals 2nd base (no throw)
1-0: Ball
2-0: Ball
3-0: Base on Balls
Batting: RHB Joe Gregory 0-0: Ball
1-0: Foul Ball, location: 3FF
1-1: 3-RUN HOME RUN (Flyball, 7D, EV 110.6 MPH), Distance : 419 ft
Batting: LHB Joe Barber 0-0: Ball
1-0: Foul Ball, location: 2F
1-1: Swinging Strike
1-2: Fly out, F9 (Flyball, 9S, EV 91.9 MPH)
Batting: RHB Kurt Harvey 0-0: Called Strike
0-1: Foul Ball, location: 2F
0-2: Fly out, F2 (Popup, 2RF, EV 80.0 MPH)
Batting: RHB Jesús Correa 0-0: SINGLE (Groundball, 6S, EV 70.6 MPH) (infield hit)
Batting: RHB Raúl Van Eaton 0-0: Foul Ball, location: 9LSF
0-1: Swinging Strike
0-2: Fielders Choice at 2nd, 5-4 (Groundball, 56, EV 85.0 MPH)
Bottom of the 5th over - 3 runs, 2 hits, 0 errors, 1 left on base; Cedar Rapids 1 - Quad Cities 4
TOP OF THE 6TH
Cedar Rapids Kernels batting - Pitching for Quad Cities River Bandits : RHP Tony Lazenby
Batting: LHB Bernardo Contreras 0-0: Ball
1-0: Called Strike
1-1: Ball
2-1: Ground out 6-3 (Groundball, 6, EV 106.9 MPH)
Pinch Hitting: LHB Jeff Whitney 0-0: Ball
1-0: Ball
2-0: Swinging Strike
2-1: Foul Ball, location: 5F
2-2: Ball
3-2: Foul Ball, location: 7LMF
3-2: Base on Balls
Batting: SHB Darrel Taylor 0-0: Called Strike
Jeff Whitney is caught stealing 2nd base 2-6
0-1: Called Strike
0-2: Ball
1-2: Foul Ball, location: 5FF
1-2: Ball
2-2: Strikes out swinging
Top of the 6th over - 0 runs, 0 hits, 0 errors, 0 left on base; Cedar Rapids 1 - Quad Cities 4
BOTTOM OF THE 6TH
Quad Cities River Bandits batting - Pitching for Cedar Rapids Kernels : LHP Ezra Britton
Now at 3B: José Squillari
Batting: LHB Kevin Gray 0-0: Called Strike
0-1: Swinging Strike
0-2: Ball
1-2: Ground out 6-3 (Groundball, 6, EV 85.6 MPH)
Pitching: RHP Jeff Fontenot
Batting: RHB Juan Carlos Ochoa 0-0: Foul Ball, location: 2F
0-1: Swinging Strike
0-2: Ball
1-2: Ball
2-2: Foul Ball, location: 9LSF
2-2: Ball
3-2: Strikes out looking
Batting: SHB Joe Pritchard 0-0: Called Strike
0-1: Fly out, F6 (Popup, 6S, EV 75.6 MPH)
Bottom of the 6th over - 0 runs, 0 hits, 0 errors, 0 left on base; Cedar Rapids 1 - Quad Cities 4
TOP OF THE 7TH
Cedar Rapids Kernels batting - Pitching for Quad Cities River Bandits : RHP Tony Lazenby
Batting: LHB Caden Montgomery 0-0: Foul Ball, location: 5FF
0-1: Ball
1-1: Reached via error on a dropped throw from 3B, E3 (Groundball, 5, EV 96.3 MPH)
Batting: LHB Sam Anderson 0-0: Sac Bunt to 13 - play at first, batter OUT! 1-3
Caden Montgomery to second
Pinch Hitting: RHB Fytor Valena 0-0: Ball
1-0: Ball
2-0: Ball
3-0: Foul Ball, location: 23F
3-1: Called Strike
3-2: Foul Ball, location: 25F
3-2: Base on Balls
Batting: SHB José Guzmán 0-0: SINGLE (Flyball, 7S, EV 85.6 MPH)
Caden Montgomery to third
Fytor Valena to second
Batting: LHB Pete Baker 0-0: Swinging Strike
0-1: Swinging Strike
0-2: Foul Ball, location: 9LDF
0-2: Ball
1-2: Ball
2-2: Foul Ball, location: 3SF
2-2: Strikes out swinging
Batting: RHB Jorge Rivas 0-0: Ball
1-0: Ball
2-0: Ball
3-0: Base on Balls
Caden Montgomery scores
Fytor Valena to third
José Guzmán to second
Batting: LHB Bernardo Contreras 0-0: Ball
1-0: Called Strike
1-1: Ball
2-1: SINGLE (Line Drive, 7S, EV 96.9 MPH)
Fytor Valena scores
José Guzmán to third
Jorge Rivas to second
Runner from 3rd tries for Home, throw by LF and OUT! 7-2
Top of the 7th over - 2 runs, 2 hits, 1 error, 2 left on base; Cedar Rapids 3 - Quad Cities 4
BOTTOM OF THE 7TH
Quad Cities River Bandits batting - Pitching for Cedar Rapids Kernels : RHP Jeff Fontenot
Now in CF: José Sánchez
Batting: LHB Ken Phillips 0-0: Ball
1-0: Ball
2-0: Foul Ball, location: 2F
2-1: Ball
3-1: Foul Ball, location: 7LMF
3-2: Foul Ball, location: 2F
3-2: Fly out, F9 (Line Drive, 9LS, EV 88.8 MPH)
Batting: RHB Joe Gregory 0-0: Foul Ball, location: 3SF
0-1: Ball
1-1: Ball
2-1: Ball
3-1: Base on Balls
Batting: LHB Joe Barber 0-0: Ball
1-0: Ball
2-0: Ball
3-0: Base on Balls
Joe Gregory to second
Pinch Runner at 2nd Oscar Badger:
Batting: RHB Kurt Harvey 0-0: Ball
1-0: Fly out, F9 (Line Drive, 9, EV 90.6 MPH)
Runner from 2nd tags up, SAFE at 3rd with throw by RF
Batting: RHB Jesús Correa 0-0: Ball
1-0: Ball
2-0: Called Strike
2-1: Fielders Choice at 2nd, 5-4 (Groundball, 56, EV 108.8 MPH)
Bottom of the 7th over - 0 runs, 0 hits, 0 errors, 2 left on base; Cedar Rapids 3 - Quad Cities 4
TOP OF THE 8TH
Cedar Rapids Kernels batting - Pitching for Quad Cities River Bandits : RHP Tony Lazenby
Now at 2B: Joe Pritchard
Now at SS: Jorge Moreno
Pinch Hitting: SHB Juan Gallegos 0-0: Ball
1-0: Ball
2-0: Ball
3-0: Called Strike
3-1: Base on Balls
Pitching: RHP Edilberto Trocio
Pinch Hitting: RHB Raúl Sierra 0-0: Called Strike
0-1: Bunted foul
0-2: Strikes out swinging
Pinch Hitting: RHB Rubén Serrano 0-0: Sac Bunt to 13S - play at first, batter OUT! 1-3
Juan Gallegos to second
Batting: LHB Sam Anderson 0-0: Foul Ball, location: 9LMF
0-1: Foul Ball, location: 7LMF
0-2: Fly out, F9 (Line Drive, 89M, EV 96.9 MPH)
Top of the 8th over - 0 runs, 0 hits, 0 errors, 1 left on base; Cedar Rapids 3 - Quad Cities 4
BOTTOM OF THE 8TH
Quad Cities River Bandits batting - Pitching for Cedar Rapids Kernels : RHP Jeff Fontenot
Now at C: Rubén Serrano
Now at 2B: Raúl Sierra
Now at 3B: Juan Gallegos
Batting: RHB Raúl Van Eaton 0-0: Ball
1-0: Swinging Strike
1-1: Ball
2-1: Foul Ball, location: 2F
2-2: Foul Ball, location: 2F
2-2: Strikes out swinging
Batting: LHB Kevin Gray 0-0: Called Strike
0-1: SINGLE (Line Drive, 78M, EV 82.5 MPH)
Pitching: RHP Jeff MacNamara
Batting: RHB Juan Carlos Ochoa 0-0: Called Strike
0-1: Ball
1-1: Foul Ball, location: 2F
1-2: Ball
Kevin Gray steals 2nd base
2-2: Ground out 1-3 (Groundball, P, EV 70.6 MPH)
Kevin Gray to third
Batting: SHB Joe Pritchard 0-0: Ball
1-0: Foul Ball, location: 2F
1-1: Ball
2-1: Ball
3-1: Base on Balls
Batting: LHB Ken Phillips 0-0: Ground out U3 (Groundball, 3, EV 105.6 MPH)
Bottom of the 8th over - 0 runs, 1 hit, 0 errors, 2 left on base; Cedar Rapids 3 - Quad Cities 4
TOP OF THE 9TH
Cedar Rapids Kernels batting - Pitching for Quad Cities River Bandits : RHP Edilberto Trocio
Pitching: RHP Luis Ibarra
Batting: RHB José Sánchez 0-0: Foul Ball, location: 9LSFF
0-1: Ball
1-1: Called Strike
1-2: Foul Ball, location: 2F
1-2: Ball
2-2: Strikes out swinging
Batting: SHB José Guzmán 0-0: Ball
1-0: Ball
2-0: Called Strike
2-1: Foul Ball, location: 5F
2-2: Strikes out swinging
Batting: LHB Pete Baker 0-0: SINGLE (Line Drive, 7S, EV 91.9 MPH)
Batting: RHB Jorge Rivas 0-0: Ball
1-0: Swinging Strike
1-1: Foul Ball, location: 2F
1-2: Foul Ball, location: 2F
1-2: Fly out, F8 (Flyball, 89M, EV 82.5 MPH)
Top of the 9th over - 0 runs, 1 hit, 0 errors, 1 left on base; Cedar Rapids 3 - Quad Cities 4
Monday, April 1st , 2024 - OOTP Baseball 24.10 Build 82